AoeStats
← AgroBoy

Arabia

504008427Analyzed
1v1 RM · 1mo ago on Sep 3, 2026· 72m 21s· 2 players
Game mode
Random Map
Map size
Tiny (2 player)
Population
200
Speed
Normal
Resources
Standard
Victory
Conquest
Starting age
Dark Age
Ending age
Imperial Age
RankedLock teamsTeams togetherTeam positionsShared explorationLock speedFull tech treeHidden civsTurbo modeCheats
Victory
Defeat
🇨🇭 Byzantines · Switzerland
237
+15
🇧🇷 Burgundians · Brazil
224
-15
AgroBoy
10:47 Feudal Age
16:19 Wheelbarrow
21:16 Castle Age
19:21 Double-Bit Axe
19:21 Horse Collar
19:43 Gold Mining
19:47 Stone Mining
20:15 Forging
20:12 Padded Archer Armor
21:46 Hand Cart
23:26 Heavy Plow
23:39 Bow Saw
24:10 Gold Shaft Mining
24:13 Stone Shaft Mining
24:29 Iron Casting
36:17 Imperial Age
34:59 Two-Man Saw
33:53 Fletching
34:19 Leather Archer Armor
39:25 Blast Furnace
38:22 Bodkin Arrow
38:17 Town Watch
40:05 Scale Barding Armor
44:48 Crop Rotation
44:22 Town Patrol
44:27 Bracer
ISONE_CH
6:38 Loom
11:19 Feudal Age
14:01 Horse Collar
14:34 Double-Bit Axe
19:42 Gold Mining
22:34 Castle Age
22:49 Forging
22:31 Fletching
25:10 Fervor
26:06 Stone Mining
27:26 Bow Saw
28:53 Stone Shaft Mining
28:44 Husbandry
32:13 Imperial Age
31:21 Gold Shaft Mining
32:19 Wheelbarrow
33:15 Iron Casting
33:30 Bodkin Arrow
34:00 Heavy Plow
35:35 Two-Man Saw
34:43 Cavalier
37:01 Thumb Ring
37:03 Padded Archer Armor
37:10 Squires
37:39 Gambesons
39:43 Chemistry
38:23 Pikeman
39:46 Leather Archer Armor
40:17 Halberdier
41:20 Scale Barding Armor
42:46 Crossbowman
43:38 Treadmill Crane
44:09 Arrowslits
55:36 Hand Cart
56:40 Paladin
57:57 Elite Skirmisher
62:02 Capped Ram
Connection lost

Rejoining the realm…

Still unreachable

The connection could not be restored.

Session expired

The server has moved on; the page needs a fresh start.